 Dungeon Crawl Stone Soup version 0.27-a0-1591-gc56fcc985a (webtiles) character file.

Game seed: 10229148232348007892

88905 pyrow613 the Destroyer (level 15, -1/121 HPs)
             Began as a Demigod Conjurer on July 14, 2021.
             Slain by an ettin (8 damage)
             ... on level 2 of the Orcish Mines on Aug 4, 2021.
             The game lasted 02:20:25 (31364 turns).

pyrow613 the Destroyer (Demigod Conjurer)          Turns: 31364, Time: 02:20:26

Health: -1/121     AC: 37    Str: 19    XL:     15   Next: 7%
Magic:  9/9        EV:  4    Int: 28    God:
Gold:   1518       SH:  8    Dex: 23    Spells: 5/24 levels left

rFire    + + .     SeeInvis .   L - +9 spear of War {antimagic, Dex+5}
rCold    + + .     Faith    .   r - +2 buckler {AC+3}
rNeg     + . .     Spirit   .   Z - +9 scales of the Dragon King {rPois rF+ rC+ Will+}
rPois    +         Reflect  .   (no helmet)
rElec    +         Harm     .   A - scarf {rC+ rF+}
rCorr    .         Rampage  .   W - +1 pair of gloves of Zomin {rElec rN+ Str-5 Slay+2}
Will     ++...                  u - +1 pair of boots of Usurooc {Contam rPois Int+4 Dex+6}
Stlth    ..........             M - amulet of regeneration
HPRegen  1.30/turn              l - +4 ring of protection
MPRegen  0.11/turn              J - ring of flight

@: flying
A: high mp 1, forlorn
a: no special abilities


You were on level 2 of the Orcish Mines.
You visited 4 branches of the dungeon, and saw 24 of its levels.
You also visited: Bailey and Ice Cave.

You collected 1965 gold pieces.
You spent 447 gold pieces at shops.

Inventory:

Hand Weapons
 a - a +3 scimitar of flaming
 L - the +9 spear of War (weapon) {antimagic, Dex+5}
   (You found it on level 12 of the Dungeon)

   It reduces the magical energy of the wielder, and disrupts the spells and
   magical abilities of those it strikes.
   Natural abilities and divine invocations are not affected.
   Dex:       It affects your dexterity (+5).
Missiles
 d - 412 stones
 s - 7 throwing nets
 P - 15 curare-tipped darts
Armour
 r - a +2 buckler of protection (worn)
 u - the +1 pair of boots of Usurooc (worn) {Contam rPois Int+4 Dex+6}
   (You found it on level 6 of the Dungeon)

   Int:       It affects your intelligence (+4).
   Dex:       It affects your dexterity (+6).
   rPois:     It protects you from poison.
   Contam:    It causes magical contamination when unequipped.
 w - a +2 cloak
 A - a scarf of resistance (worn)
 W - the +1 pair of gloves of Zomin (worn) {rElec rN+ Str-5 Slay+2}
   (You found it on level 2 of the Swamp)

   Str:       It affects your strength (-5).
   Slay:      It affects your accuracy & damage with ranged weapons and melee
   (+2).
   rElec:     It insulates you from electricity.
   rN:        It protects you from negative energy.
 Z - the +9 scales of the Dragon King (worn) {rPois rF+ rC+ Will+}
   (You took it off a gnoll sergeant in a bailey)

   rF:        It protects you from fire.
   rC:        It protects you from cold.
   rPois:     It protects you from poison.
   Will:      It increases your willpower.
Magical Staves
 b - a staff of earth
Jewellery
 l - a +4 ring of protection (left hand)
 m - a ring of see invisible
 x - a ring of protection from cold
 J - a ring of flight (right hand)
 M - an amulet of regeneration (around neck)
Wands
 c - a wand of iceblast (18)
 p - a wand of paralysis (10)
 D - a wand of digging (5)
 I - a wand of flame (17)
 R - a wand of polymorph (16)
 S - a wand of acid (13)
 V - a wand of mindburst (7)
Scrolls
 e - a scroll of magic mapping
 g - 3 scrolls of enchant weapon {unknown}
 i - 5 scrolls of amnesia
 k - a scroll of teleportation
 t - a scroll of vulnerability {unknown}
 y - 9 scrolls of identify
 E - 2 scrolls of fear {unknown}
 H - a scroll of brand weapon
 N - a scroll of enchant armour
 Q - a scroll of fog
 Y - a scroll of blinking
Potions
 f - 5 potions of curing
 h - a potion of degeneration {unknown}
 j - 2 potions of heal wounds
 o - 3 potions of might
 q - 2 potions of invisibility {unknown}
 v - 4 potions of haste
 z - a potion of flight {unknown}
 B - 3 potions of cancellation
 C - a potion of mutation
 F - a potion of brilliance {unknown}
 G - 3 potions of magic
 O - 3 potions of ambrosia
Miscellaneous
 U - a phantom mirror


   Skills:
 - Level 8.0 Fighting
 * Level 11.1 Polearms
 - Level 8.0 Armour
 - Level 1.7 Dodging
 - Level 1.7 Stealth
 - Level 4.0 Shields
 - Level 5.2 Spellcasting
 - Level 13.8 Conjurations
 - Level 5.0 Hexes
 - Level 5.0 Translocations
 - Level 11.8 Earth Magic


You had 5 spell levels left.
You knew the following spells:

 Your Spells              Type           Power      Damage    Failure   Level
a - Magic Dart            Conj           100%       1d8       3%          1
b - Searing Ray           Conj           100%       3d7       6%          2
c - Fulminant Prism       Conj/Hex       28%        3d14      93%         4
d - Iskenderun's Mystic   Conj/Tloc      56%        2d12      93%         4
e - Sandblast             Erth           100%       2d20      9%          1
f - Lee's Rapid Deconstr  Erth           32%        3d18*     93%         5
g - Passwall              Tmut/Erth      33%        N/A       83%         2

Your spell library contained the following spells:

 Spells                   Type           Power      Damage    Failure   Level
 Dazzling Flash           Conj/Hex       100%       N/A       56%         3
 Corona                   Hex            38%        N/A       82%         1
 Blink                    Tloc           N/A        N/A       91%         2
 Slow                     Hex            35%        N/A       91%         2
 Ensorcelled Hibernation  Hex/Ice        42%        N/A       99%         2
 Confusing Touch          Hex            35%        N/A       99%         3
 Gell's Gravitas          Tloc           17%        N/A       99%         3
 Mephitic Cloud           Conj/Pois/Air  33%        N/A       99%         3
 Teleport Other           Tloc           35%        N/A       99%         3
 Tukima's Dance           Hex            35%        N/A       99%         3
 Animate Skeleton         Necr           14%        N/A       100%        1
 Pain                     Necr           28%        1d5       100%        1
 Call Imp                 Summ           7%         N/A       100%        2
 Frozen Ramparts          Ice            14%        1d3       100%        3
 Inner Flame              Hex/Fire       21%        N/A       100%        3
 Spider Form              Tmut/Pois      3%         N/A       100%        3
 Swiftness                Air            7%         N/A       100%        3
 Vampiric Draining        Necr           3%         2d6       100%        3
 Animate Armour           Summ/Erth      80%        N/A       100%        4
 Animate Dead             Necr           3%         N/A       100%        4
 Cause Fear               Hex            17%        N/A       100%        4
 Ice Form                 Ice/Tmut       7%         N/A       100%        4
 Passage of Golubria      Tloc           N/A        N/A       100%        4
 Summon Ice Beast         Ice/Summ       7%         N/A       100%        4
 Agony                    Necr           7%         N/A       100%        5
 Blade Hands              Tmut           3%         N/A       100%        5
 Bolt of Magma            Conj/Fire/Erth 26%        4d12      100%        5
 Borgnjor's Vile Clutch   Necr/Erth      20%        N/A       100%        5
 Excruciating Wounds      Necr           3%         N/A       100%        5
 Fireball                 Conj/Fire      23%        3d11      100%        5
 Freezing Cloud           Conj/Ice/Air   16%        6-21      100%        5
 Manifold Assault         Tloc           35%        N/A       100%        5
 Silence                  Hex/Air        10%        N/A       100%        5
 Death Channel            Necr           3%         N/A       100%        6
 Dispersal                Tloc           17%        N/A       100%        6
 Invisibility             Hex            17%        N/A       100%        6
 Iron Shot                Conj/Erth      34%        9d7       100%        6
 Shadow Creatures         Summ           N/A        N/A       100%        6
 Simulacrum               Ice/Necr       3%         N/A       100%        6
 Starburst                Conj/Fire      23%        8x6d8     100%        6
 Storm Form               Tmut/Air       3%         N/A       100%        7
 Discord                  Hex            17%        N/A       100%        8
 Lehudib's Crystal Spear  Conj/Erth      34%        10d9      100%        8
 Polar Vortex             Ice            3%         N/A       100%        9


Dungeon Overview and Level Annotations

Branches:
Dungeon (15/15)            Temple (0/1) D:6            Lair (4/6) D:9
  Swamp (3/4) Lair:2       Spider (0/4) Lair:2          Orc (2/2) D:10
 Vaults (0/5) D:14         Depths (0/5) D:15         Bailey (visited)
  IceCv (visited)
    Elf: Orc:2

Shops:
D:2 (   D:10 *?!**   Orc:1 *

Portals:
Abyss: Lair:1

Annotations:
D:4 2 runed translucent doors, mdk's ghost, amateur MiMo
D:9 3 runed translucent doors, nyamberluvr69's ghost, novice OpBe
D:15 Yamstis's ghost, adept GnMo
Lair:1 2 transporters, Daal's ghost, journeyman DEFE
Lair:3 3 runed translucent doors, quinnr's ghost, journeyman TeAE
Orc:1 exclusion: downstairs
Orc:2 Donald


Innate Abilities, Weirdness & Mutations

Your attributes grow dramatically as you level up.
You have an increased reservoir of magic. (+10% MP)
You shall have no god before yourself.


Message History

The ettin barely misses you.
You puncture the ettin!
The ettin is almost dead.
You block the ogre's attack.
The ettin hits you with a +0 dire flail.
The ettin hits you with a +2 dire flail of protection!!
You are too injured to fight recklessly!
You are too injured to fight recklessly!
You are too injured to fight recklessly!
You are too injured to fight recklessly!
You are too injured to fight recklessly!
You are too injured to fight recklessly!
You are too injured to fight recklessly!
You are too injured to fight recklessly!
You are too injured to fight recklessly!
You are too injured to fight recklessly!
You are too injured to fight recklessly!
You are too injured to fight recklessly!
You are too injured to fight recklessly!
You are too injured to fight recklessly!
You are too injured to fight recklessly!
You are too injured to fight recklessly!
You are too injured to fight recklessly!
You are too injured to fight recklessly!
You are too injured to fight recklessly!
You hit the ettin but do no damage.
The ettin is almost dead.
You barely miss the ettin.
The ettin is almost dead.
The ettin hits you with a +0 dire flail!
* * * LOW HITPOINT WARNING * * *
The ettin hits you with a +2 dire flail of protection!!
* * * LOW HITPOINT WARNING * * *
You block the ogre's attack.
You puncture the ettin!
The ettin is almost dead.
You hit the ettin.
The ettin is almost dead.
The ettin hits you with a +0 dire flail!
You die...

#...........
........#....##
......##+#.....
#...........# #..)..#
#....# ##...O##.#.##
###)).# #....# #........#
##.#..# #....# #.......##
#.....# #....+ #.#...###
#.....####....## ##)##.##
...)...........#####...###
#..)............@C....##
#........#.......O..###
##.##.######.##..#.##
###### #########


You could see an ettin and an ogre.

Vanquished Creatures
  Rupert (D:13)
  An orc warlord (Orc:1)
  A reaper (IceCv)
  A stone giant (D:15)
  2 bunyips
  The ghost of Sin92 the Fighter, a journeyman DsFi of Okawaru (Lair:2)
  An eleionoma (Swamp:1)
  A spriggan air mage (Swamp:2)
  12 hydras
  A ghost crab (Swamp:2)
  A rakshasa (D:15)
  A boulder beetle (Lair:1)
  A centaur warrior (D:14)
  A catoblepas (Lair:3)
  Erica (D:9)
  6 alligators
  5 two-headed ogres
  A tengu warrior (D:13)
  5 goliath frogs
  2 swamp dragons (Swamp:3)
  2 deep trolls (D:15)
  4 bog bodies
  A necromancer (D:14)
  2 wizards
  2 deep elf pyromancers
  14 ugly things
  A wolf spider (Lair:2)
  2 orc sorcerers (Orc:1)
  4 will-o-the-wisps
  2 oklob plants (Lair:1)
  5 cyclopes
  2 manticores (D:13)
  2 black mambas
  2 ice statues (IceCv)
  A gargoyle (D:12)
  5 cane toads
  An unseen horror (D:12)
  A rime drake (Lair:3)
  2 tengu conjurers
  A freezing wraith (IceCv)
  An entropy weaver simulacrum (IceCv)
  5 yaktaurs (D:15)
  2 komodo dragons
  4 ice devils (IceCv)
  2 polar bears
  A wolf spider simulacrum (D:14)
  2 trolls
  10 hornets
  8 tyrant leeches
  6 slime creatures
  10 blink frogs
  Sigmund (D:5)
  10 spriggans
  A vampire (D:14)
  A dire elephant simulacrum (IceCv)
  4 wyverns
  2 shadows (D:11)
  A wraith (D:12)
  3 water elementals
  42 yaks
  7 basilisks
  A basilisk (shapeshifter) (D:15)
  Grum (D:10)
  9 vampire mosquitoes
  2 wargs (Orc:1)
  9 water moccasins
  4 acid dragons
  8 swamp worms
  An ice beast (D:6)
  16 orc warriors
  A sky beast (D:7)
  2 necrophages (D:7)
  4 ogres
  4 centaurs
  8 wolves
  2 kobold brigands (D:8)
  Blork the orc (D:4)
  A wyvern zombie (D:5)
  4 two-headed ogre simulacra
  10 bullfrogs
  9 gnoll sergeants
  4 scorpions
  A cane toad simulacrum (IceCv)
  A wyvern skeleton (D:7)
  A water moccasin skeleton (D:7)
  An elephant simulacrum (IceCv)
  7 killer bees
  13 wights
  3 howler monkeys
  7 electric eels
  2 bullfrog zombies
  4 hounds
  3 centaur skeletons
  5 centaur zombies
  9 gnoll shamans
  3 jellies
  18 orc priests
  Jessica (D:2)
  Ijyb (D:3)
  A troll simulacrum (IceCv)
  3 iguanas
  17 orc wizards
  2 spriggan simulacra
  3 polar bear simulacra (IceCv)
  A wolf simulacrum (IceCv)
  A hound skeleton (D:5)
  2 howler monkey zombies (D:8)
  26 gnolls
  7 adders
  3 naga simulacra
  7 river rats (D:5)
  2 shadow imps
  3 white imps
  2 adder skeletons
  5 worms
  2 dart slugs
  59 orcs
  5 ball pythons
  9 endoplasms
  6 giant cockroaches
  3 goblins
  10 hobgoblins
  6 jackals
  15 kobolds
  4 quokkas (D:3)
  6 bats
  6 frilled lizards
  10 rats
  2 butterflies (Lair:1)
634 creatures vanquished.

Vanquished Creatures (collateral kills)
  A slime creature (D:13)
  An endoplasm (D:3)
  A quokka (D:3)
  A goblin (D:3)
  A rat (D:3)
5 creatures vanquished.

Vanquished Creatures (others)
  A bloated husk (Swamp:3)
  A hornet (Swamp:3)
  2 spriggans (Swamp:3)
  2 ufetubi (IceCv)
  32 foxfires
  106 fulminant prisms
  16 fungi
  83 plants
243 creatures vanquished.

Grand Total: 882 creatures vanquished

Notes
Turn   | Place    | Note
-------+----------+-------------------------------------------
     0 | D:1      | pyrow613 the Demigod Conjurer began the quest for the Orb.
     0 | D:1      | Reached XP level 1. HP: 14/14 MP: 5/5
   242 | D:1      | Reached skill level 4 in Conjurations
   261 | D:1      | Reached XP level 2. HP: 17/20 MP: 1/7
   265 | D:1      | Learned a level 2 spell: Searing Ray
   997 | D:1      | Reached XP level 3. HP: 26/26 MP: 5/8
  1497 | D:2      | Reached skill level 5 in Conjurations
  1812 | D:2      | Noticed Jessica
  1816 | D:2      | Killed Jessica
  1817 | D:2      | Reached XP level 4. HP: 29/33 MP: 4/9
  1862 | D:2      | Found Adear's Weapon Emporium.
  2354 | D:3      | You fall into a shaft and drop 2 floors!
  2354 | D:5      | Entered Level 5 of the Dungeon
  2371 | D:5      | Noticed Sigmund
  2392 | D:4      | Reached skill level 6 in Conjurations
  2392 | D:4      | Reached XP level 5. HP: 11/38 MP: 4/10
  2629 | D:4      | Found a runed translucent door.
  2634 | D:4      | Noticed mdk's ghost (amateur MiMo)
  2702 | D:3      | Found a glowing drain.
  2720 | D:3      | Noticed Ijyb
  2740 | D:3      | Killed Ijyb
  3851 | D:4      | Reached XP level 6. HP: 44/45 MP: 9/11
  3926 | D:4      | Noticed Blork the orc
  3937 | D:4      | Killed Blork the orc
  3938 | D:4      | Reached skill level 7 in Conjurations
  4060 | D:4      | Found a runed translucent door.
  4557 | D:5      | Killed Sigmund
  4558 | D:5      | Reached skill level 8 in Conjurations
  4558 | D:5      | Reached XP level 7. HP: 41/50 MP: 4/12
  5007 | D:5      | Reached skill level 9 in Conjurations
  5904 | D:6      | Reached XP level 8. HP: 57/57 MP: 4/13
  6043 | D:6      | Reached skill level 10 in Conjurations
  6465 | D:6      | Found a staircase to the Ecumenical Temple.
  6524 | D:6      | Reached skill level 11 in Conjurations
  6542 | D:6      | Upgraded the game from 0.27-a0-1555-g0e7b3fb1d2 to
                  | 0.27-a0-1557-g57f10a385c
  6864 | D:6      | Identified the +1 pair of boots of Usurooc {Contam rPois
                  | Int+4 Dex+6}
  7202 | D:7      | Reached skill level 1 in Fighting
  7202 | D:7      | Reached skill level 1 in Armour
  7328 | D:7      | Reached XP level 9. HP: 55/64 MP: 8/14
  7490 | D:7      | Learned a level 4 spell: Fulminant Prism
  7503 | D:7      | Learned a level 4 spell: Iskenderun's Mystic Blast
  7729 | D:7      | Reached skill level 1 in Hexes
  7729 | D:7      | Reached skill level 1 in Translocations
  8115 | D:8      | Noticed a two-headed ogre
  8127 | D:8      | Killed a two-headed ogre
  8363 | D:8      | Noticed a two-headed ogre
  8371 | D:8      | Killed a two-headed ogre
  8606 | D:8      | Reached skill level 5 in Translocations
  8646 | D:8      | Reached skill level 5 in Hexes
  9256 | D:9      | Reached XP level 10. HP: 73/73 MP: 13/17
  9374 | D:9      | Found a staircase to the Lair.
  9536 | D:9      | Noticed Erica
  9561 | D:9      | Killed Erica
  9877 | D:9      | Reached skill level 5 in Spellcasting
 10053 | D:9      | Found a runed translucent gate.
 10057 | D:9      | Found a runed translucent gate.
 10058 | D:9      | Found a runed translucent gate.
 10060 | D:9      | Noticed nyamberluvr69's ghost (novice OpBe)
 10116 | D:9      | Learned a level 1 spell: Sandblast
 10429 | D:10     | Entered Level 10 of the Dungeon
 10429 | D:10     | Found Umpoteb's Distillery.
 11121 | D:10     | Found Viprid Gaomp's General Store.
 11239 | D:10     | Found Qaba's General Store.
 11248 | D:10     | Bought a potion of magic for 120 gold pieces
 11248 | D:10     | Bought a potion of heal wounds for 75 gold pieces
 11951 | D:10     | Reached skill level 5 in Fighting
 11951 | D:10     | Reached skill level 5 in Armour
 11991 | D:10     | Bought a potion of haste for 140 gold pieces
 11991 | D:10     | Bought a potion of magic for 112 gold pieces
 12076 | D:10     | Reached XP level 11. HP: 74/86 MP: 4/22
 12183 | D:10     | Found Zouzisi's General Store.
 12270 | D:10     | Noticed Grum
 12274 | D:10     | Killed Grum
 12275 | D:10     | Reached skill level 1 in Shields
 12467 | D:10     | Found a staircase to the Orcish Mines.
 12567 | D:10     | Found Tuby's Magic Scroll Boutique.
 12639 | D:11     | Found a frozen archway.
 12654 | IceCv    | Entered an ice cave
 13006 | IceCv    | Reached skill level 1 in Earth Magic
 14093 | IceCv    | Noticed a reaper
 14145 | IceCv    | Killed a reaper
 14778 | D:11     | Reached skill level 5 in Earth Magic
 14954 | D:11     | Reached skill level 12 in Conjurations
 15832 | Lair:1   | Entered Level 1 of the Lair of Beasts
 15841 | Lair:1   | Noticed a rakshasa
 15842 | Lair:1   | Noticed a sixfirhy
 16365 | Lair:1   | Noticed an eight-headed hydra
 16369 | Lair:1   | Killed an eight-headed hydra
 16440 | Lair:1   | Found a transporter.
 16449 | Lair:1   | Noticed Daal's ghost (journeyman DEFE)
 16450 | Lair:1   | Noticed a rakshasa
 16453 | Lair:1   | Noticed a swamp dragon
 16456 | Lair:1   | Found a transporter.
 16705 | Lair:1   | Reached XP level 12. HP: 94/94 MP: 15/23
 16938 | Lair:1   | Learned a level 5 spell: Lee's Rapid Deconstruction
 16972 | Lair:1   | Learned a level 2 spell: Passwall
 16988 | Lair:1   | Noticed a five-headed hydra
 17045 | Lair:1   | Killed a five-headed hydra
 17649 | Lair:2   | Noticed a boulder beetle
 17678 | Lair:1   | Killed a boulder beetle
 18335 | Lair:2   | Got the Handbook of Fire
 18449 | Lair:2   | Reached skill level 13 in Conjurations
 18671 | Lair:2   | Noticed a five-headed hydra
 18683 | Lair:2   | Killed a five-headed hydra
 18878 | Lair:2   | Found a hole to the Spider Nest.
 18976 | Lair:2   | Found a staircase to the Swamp.
 18984 | Lair:2   | Found a large runed translucent door.
 18984 | Lair:2   | Found a large runed translucent door.
 18989 | Lair:2   | Noticed Sin92's ghost (journeyman DsFi)
 19346 | Lair:2   | Killed Sin92's ghost
 19347 | Lair:2   | Reached skill level 10 in Earth Magic
 19464 | Swamp:1  | Entered Level 1 of the Swamp
 19514 | Lair:3   | Noticed an eight-headed hydra
 19644 | Lair:3   | Killed an eight-headed hydra
 19934 | Lair:3   | Noticed a six-headed hydra
 19949 | Lair:3   | Killed a six-headed hydra
 20097 | Lair:3   | Found a runed translucent gate.
 20097 | Lair:3   | Found a runed translucent gate.
 20097 | Lair:3   | Found a runed translucent gate.
 20101 | Lair:3   | Noticed a minotaur
 20103 | Lair:3   | Noticed an eight-headed hydra
 20103 | Lair:3   | Noticed quinnr's ghost (journeyman TeAE)
 20615 | Lair:3   | Noticed a catoblepas
 20843 | Lair:3   | Killed a catoblepas
 20844 | Lair:3   | Reached XP level 13. HP: 89/100 MP: 7/24
 21221 | Lair:1   | Found a one-way gate to the infinite horrors of the Abyss.
 21280 | Orc:1    | Entered Level 1 of the Orcish Mines
 21292 | Orc:1    | Noticed an orc warlord
 21550 | Orc:1    | Killed an orc warlord
 22134 | Orc:1    | Found Campoato's CLEARANCE SALE! EVERYTHING MUST GO!.
 22298 | Orc:2    | Entered Level 2 of the Orcish Mines
 22316 | Orc:2    | Noticed Donald
 22523 | D:11     | Upgraded the game from 0.27-a0-1557-g57f10a385c to
                  | 0.27-a0-1565-gad902ab807
 22888 | D:12     | Found a flagged portal.
 22914 | D:12     | Identified the +9 spear of War {antimagic, Dex+5}
 22917 | Bailey   | Entered a bailey
 24118 | D:13     | Reached skill level 1 in Polearms
 24928 | D:13     | Noticed Rupert
 24950 | D:13     | Killed Rupert
 25425 | D:14     | Found a gate to the Vaults.
 25784 | D:14     | Reached skill level 5 in Polearms
 25917 | D:14     | Reached XP level 14. HP: 62/111 MP: 7/25
 26417 | D:15     | Entered Level 15 of the Dungeon
 26682 | D:15     | Found a runed translucent door.
 27343 | D:15     | Noticed Yamstis's ghost (adept GnMo)
 27444 | D:15     | Found a staircase to the Depths.
 27823 | D:15     | Upgraded the game from 0.27-a0-1565-gad902ab807 to
                  | 0.27-a0-1591-gc56fcc985a
 28787 | Swamp:1  | HP: 1/114 [spriggan rider (13)]
 29888 | Swamp:2  | Reached skill level 10 in Polearms
 30055 | Swamp:2  | Identified the +1 pair of gloves of Zomin {rElec rN+ Str-5
                  | Slay+2}
 30725 | Swamp:3  | Reached XP level 15. HP: 53/121 MP: 9/27
 31362 | Orc:2    | HP: 6/121 [ettin (26)]
 31364 | Orc:2    | Slain by an ettin

Illustrated notes

Levels and vault maps discovered:
D:1:      matt_arrival_los_fun, layout_basic,
          shapermc_ecumenical_altar_mp_highgroup
D:2:      layout_loops_ring, serial_shops, shop,
          wander_ebering_terrifying_dragon_lair, uniq_jessica
D:3:      layout_rooms, gup_sewer_entry_bowl, chequers_serial_rivers_room_a,
          minmay_quadrilaterals, uniq_ijyb
D:4:      layout_basic, ebering_ghost_sewer_f, uniq_blork_the_orc
D:5:      layout_basic, vehumet_crystals, lightli_sewer_entry_pipes,
          chequers_hall_statues_wall_a, minmay_statues_item,
          hangedman_decor_diamond_cutter, uniq_sigmund
D:6:      layout_cave_pools, nicolae_gozag_cash_rules_everything_around_me,
          minmay_temple_entry_slanted, kennysheep_boxes
D:7:      layout_rooms, kennysheep_small_spiral
D:8:      layout_loops_cross
D:9:      layout_long_grid, kennysheep_mini, okawaru_gym_becter,
          lair_entry_dummy, gammafunk_ghost_ooze, uniq_erica
D:10:     layout_rooms, erik_orc_2, serial_shops, nicolae_stop_n_shop_1,
          kennysheep_mini_moat, nicolae_stop_n_shop_1, nicolae_shop_crystal,
          shop_fountains, uniq_grum
D:11:     layout_irregular_city, portal_ice_cave_entry_ice_simulacra,
          nicolae_elyvilon_peaceful_grove
D:12:     layout_loops_cross, enter_bailey_2
D:13:     layout_basic, grunt_qazlal_sundering, uniq_rupert
D:14:     layout_cave_pools, david_vaults_1, serial_park_avenue1
D:15:     hangedman_depths_entry_civil_slaughter, layout_cave_pods,
          minmay_misc_feat_plants, ebering_ghost_reflecting_pool
Lair:1:   layout_roguey, gammafunk_ghost_abyssal_escape, serial_bayou_shore_a,
          lemuel_fruit_fields, minmay_lair_oklob_chamber
Lair:2:   layout_misc_corridors, swamp_mist, spider_nest_entry_rubble,
          ebering_ghost_disaster_area, hibernation_bobbens
Lair:3:   nzn_winding_woodlands_small [nzn_winding_woodlands_5x15_default,
          nzn_winding_woodlands_center_lodge,
          nzn_winding_woodlands_5x15_jagged], layout_cave_shapes,
          maelrawn_ghost_gauntlet_escape
Lair:4:   regret_index_bee_streams, layout_regular_city
Swamp:1:  layout_falls_marsh, hangedman_swamp_blocks, infiniplex_staircase_pool
Swamp:2:  layout_basic_swamp, nicolae_swamp_trees_clearing
Swamp:3:  layout_falls_marsh, lemuel_altar_in_water
Orc:1:    layout_caves, nicolae_shop_clearance
Orc:2:    grunt_orc_community_town_hall, layout_caves,
          grunt_orc_community_big_house_1, grunt_orc_community_big_house_2,
          grunt_orc_community_house_3, grunt_orc_community_house_1,
          grunt_orc_community_house_3, grunt_orc_community_house_2,
          grunt_orc_community_house_3, grunt_orc_community_house_2,
          ebering_ghost_reflecting_pool, serial_shops, shop, uniq_donald

Skill      XL: |  1  2  3  4  5  6  7  8  9 10 11 12 13 14 15 |
---------------+----------------------------------------------+-----
Conjurations   | 4 5 6 8 9 11 12 13 | 13.8
Fighting       | 1 5 6 8 |  8.0
Armour         | 1 5 6 8 |  8.0
Hexes          | 5 |  5.0
Translocations | 5 |  5.0
Spellcasting   | 2 5 |  5.2
Shields        | 4 |  4.0
Earth Magic    | 7 10 11 | 11.8
Polearms       | 5 10 11 | 11.1
Dodging        | |  1.7
Stealth        | |  1.7

Action                   |  1- 3 |  4- 6 |  7- 9 | 10-12 | 13-15 || total
-------------------------+-------+-------+-------+-------+-------++-------
Melee: Dagger            |    20 |       |       |       |       ||    20
       Short sword       |    32 |    75 |   156 |   124 |       ||   387
       War axe           |       |       |       |     3 |       ||     3
       Scimitar          |       |       |       |   105 |   161 ||   266
       Staff             |       |       |       |    10 |       ||    10
       Spear             |       |       |       |       |  1524 ||  1524
 Cast: Magic Dart        |    29 |    21 |    21 |    15 |       ||    86
       Searing Ray       |     7 |    16 |    50 |    85 |    53 ||   211
       Iskenderun's Myst |       |       |     1 |    81 |    26 ||   108
       Fulminant Prism   |       |       |     1 |    67 |    38 ||   106
       Sandblast         |       |       |       |    29 |    24 ||    53
       Lee's Rapid Decon |       |       |       |     2 |     3 ||     5
Evoke: Wand              |       |       |     3 |     3 |     2 ||     8
  Use: Scroll            |       |     9 |       |     9 |     3 ||    21
       Potion            |       |     1 |       |     3 |    10 ||    14
 Stab: Sleeping          |     3 |     2 |       |     2 |       ||     7
       Distracted        |       |       |       |       |     1 ||     1
Armor: Robe              |    13 |     7 |       |       |       ||    20
       Ring mail         |       |    25 |   117 |   305 |    23 ||   470
       Troll leather arm |       |       |       |       |   113 ||   113
       Gold dragon scale |       |       |       |       |   940 ||   940
Dodge: Dodged            |    44 |    77 |   138 |   233 |   324 ||   816
Block: Buckler           |       |       |       |    66 |   505 ||   571
       Rpst.: Scimitar   |       |       |       |    30 |    32 ||    62

Table legend: (Time is in decaauts)
 A = Elapsed time spent in this place.
 B = Non-inter-level travel time spent in this place.
 C = Inter-level travel time spent in this place.
 D = Time resting spent in this place.
 E = Time spent auto-exploring this place.
 F = Levels seen in this place.
 G = Mean time per level.
                   A        B        C        D        E       F      G
               +--------+--------+--------+--------+--------+-----+--------+
         Total |  31337 |  30205 |   1132 |   7619 |  15224 |  26 | 1205.3 |
       Dungeon |  19539 |  18846 |    693 |   3891 |  10808 |  15 | 1302.6 |
          Lair |   5459 |   5170 |    289 |   1808 |   2202 |   4 | 1364.8 |
         Swamp |   2493 |   2395 |     98 |    521 |   1021 |   3 |  831.0 |
  Orcish Mines |   1057 |   1007 |     50 |    247 |    447 |   2 |  528.5 |
        Bailey |    668 |    668 |      0 |      0 |    318 |   1 |  668.0 |
      Ice Cave |   2119 |   2119 |      0 |   1151 |    428 |   1 | 2119.0 |
               +--------+--------+--------+--------+--------+-----+--------+

Top non-repeatable levels by time:
     D:9: 2791 daAuts
   IceCv: 2119 daAuts
  Lair:1: 1944 daAuts
  Lair:2: 1929 daAuts
    D:10: 1799 daAuts
    D:13: 1596 daAuts
  Lair:3: 1497 daAuts
     D:5: 1346 daAuts
    D:15: 1291 daAuts
     D:3: 1190 daAuts
     D:2: 1183 daAuts
    D:11: 1181 daAuts
     D:6: 1135 daAuts
 Swamp:2: 1093 daAuts
     D:1: 1091 daAuts
